 Dungeon Crawl Stone Soup version 0.31-a0-1327-g8c40ea976f (webtiles) character file.

Game seed: 5957955595919730886

1607994 Ge0ff the Marksvampire (level 26, 219/219 HPs)
             Began as a Vampire Hunter on Dec 21, 2023.
             Was a High Priest of Okawaru.
             Escaped with the Orb
             ... and 3 runes on Dec 22, 2023!
             The game lasted 02:43:18 (75453 turns).

Ge0ff the Marksvampire (Vampire Hunter)            Turns: 75453, Time: 02:43:18

Health: 219/219    AC: 21    Str:  6    XL:     26   Next: 53%
Magic:  35/35      EV: 36    Int: 19    God:    Okawaru [*****.]
Gold:   212        SH:  0    Dex: 31    Spells: 34/39 levels left

rFire   + + .        a - +9 longbow (drain)
rCold   + . .        (shield currently unavailable)
rNeg    . . .        t - +2 robe {rC+ rF+}
rPois   .            p - +2 hat {Will+}
rElec   +            r - +2 cloak {rCorr}
rCorr   +            Q - +2 pair of gloves of Iminuh {Dex+3 SInv}
SInv    +            D - +2 pair of boots {Fly}
Will    +++..        i - amulet of guardian spirit
Stlth   +++          U - ring "Boaw" {rElec rF+ Str-4 Int+6}
HPRegen 0.76/turn    x - +4 ring of protection {=R}
MPRegen 0.24/turn

%: guardian spirit
@: flying, healing quickly, studying Unarmed Combat
A: alive, fangs 3, see invisible, vampiric 2
0: Orb of Zot
}: 3/15 runes: serpentine, barnacled, silver
a: Exsanguinate, Renounce Religion, Heroism, Finesse, Duel


You escaped.
You worshipped Okawaru.
Okawaru was extremely pleased with you.
You visited 10 branches of the dungeon, and saw 48 of its levels.
You visited 1 bazaar.
You also visited: Gauntlet, Ice Cave, Wizlab and Desolation.

You collected 9212 gold pieces.
You spent 9000 gold pieces at shops.

Inventory:

Hand Weapons
 a - a +9 longbow of draining (weapon)
 b - a +2 heavy longbow
 L - the +3 dagger of Scorn {speed, rElec Will+++ Dex-3}
   (You found it on level 14 of the Dungeon)

   Dex-3:     It affects your dexterity (-3).
   rElec:     It insulates you from electricity.
   Will+++:   It greatly increases your willpower.
Missiles
 g - 4 throwing nets {=F}
 v - 13 curare-tipped darts {=F}
 w - 21 silver javelins
 G - 19 javelins
 S - 10 darts of dispersal
Armour
 h - the +2 pair of slick slippers {slick, slippery, EV+4}
   (You found it on level 5 of the Vaults)

   Slick:     Its wearer cannot be constricted, engulfed, netted or webbed.
   Slippery:  Its wearer slips away from damaging melee attacks, pulling the
   attacker onward.
   EV+4:      It affects your evasion (+4).
 p - a +2 hat of willpower (worn)
 r - a +2 cloak of preservation (worn)
 t - a +2 robe of resistance (worn)
 D - a +2 pair of boots of flying (worn)
 Q - the +2 pair of gloves of Iminuh (worn) {Dex+3 SInv}
   (Okawaru gifted it to you on level 2 of the Orcish Mines)

   Dex+3:     It affects your dexterity (+3).
   SInv:      It lets you see invisible.
 Y - the +0 pair of boots of Okawaru's Reproof {rElec Str+3 Int-4}
   (You acquired it in a wizard's laboratory)

   Str+3:     It affects your strength (+3).
   Int-4:     It affects your intelligence (-4).
   rElec:     It insulates you from electricity.
Jewellery
 e - a +6 ring of dexterity
 i - an amulet of guardian spirit (around neck)
 x - a +4 ring of protection (right hand) {=R}
 O - a ring of poison resistance
 U - the ring "Boaw" (left hand) {rElec rF+ Str-4 Int+6}
   (You found it on level 4 of the Vaults)

   [ring of intelligence]

   Str-4:     It affects your strength (-4).
   Int+6:     It affects your intelligence (+6).
   rF+:       It protects you from fire.
   rElec:     It insulates you from electricity.
Wands
 d - a wand of digging (39)
 f - a wand of flame (117)
 j - a wand of quicksilver (12)
 k - a wand of iceblast (28)
 s - a wand of mindburst (9)
 P - a wand of polymorph (28)
Scrolls
 m - 4 scrolls of revelation
 y - 9 scrolls of immolation
 B - 7 scrolls of blinking
 C - 2 scrolls of poison
 E - 3 scrolls of fear
 F - 7 scrolls of fog
 J - a scroll of silence {!r}
 T - 22 scrolls of teleportation
 V - 11 scrolls of vulnerability
Potions
 o - 6 potions of ambrosia
 q - 19 potions of curing
 u - 9 potions of mutation {!q}
 z - 7 potions of brilliance
 A - 5 potions of attraction
 H - 9 potions of haste {!q}
 I - 9 potions of invisibility
 K - 7 potions of magic {!q}
 M - 11 potions of might
 N - 6 potions of cancellation {!q}
 R - 5 potions of resistance
 W - 20 potions of heal wounds {!q}
 X - 3 potions of enlightenment
 Z - a potion of berserk rage {!q}
Miscellaneous
 c - a condenser vane
 l - a lightning rod (4/4)
 n - a phial of floods


   Skills:
 - Level 20.5 Fighting
 - Level 20.9 Ranged Weapons
 - Level 6.0 Throwing
 - Level 12.0 Armour
 - Level 20.5 Dodging
 + Level 19.5 Stealth
 - Level 7.0 Spellcasting
 - Level 10.0 Translocations
 - Level 5.0 Earth Magic
 - Level 5.0 Alchemy
 - Level 17.0 Invocations
 - Level 15.0 Evocations


You had 34 spell levels left.
You knew the following spells:

 Your Spells              Type           Power      Damage    Failure   Level
g - Apportation           Tloc           88%        N/A       1%          1
w - Passwall              Alch/Erth      20%        N/A       1%          2
B - Blink                 Tloc           88%        N/A       1%          2

Your spell library contained the following spells:

 Spells                   Type           Power      Damage    Failure   Level
 Sandblast                Erth           50%        2d12      1%          1
 Lesser Beckoning         Tloc           88%        N/A       1%          2
 Momentum Strike          Conj/Tloc      50%        3d9       1%          2
 Gell's Gravitas          Tloc           44%        N/A       1%          3
 Teleport Other           Tloc           44%        N/A       1%          3
 Sting                    Conj/Alch      64%        1d7       3%          1
 Volatile Blastmotes      Fire/Tloc      50%        2d14      3%          3
 Mercury Vapours          Alch/Air       32%        N/A       5%          2
 Cigotuvi's Dreadful Rot  Necr/Alch/Air  24%        N/A       8%          2
 Magic Dart               Conj           24%        1d4       10%         1
 Necrotise                Necr           24%        1d5       10%         1
 Slow                     Hex            24%        N/A       10%         1
 Stone Arrow              Conj/Erth      32%        3d9       11%         3
 Dimensional Bullseye     Hex/Tloc       12%        N/A       13%         4
 Iskenderun's Mystic Bla  Conj/Tloc      25%        2d7       13%         4
 Leda's Liquefaction      Alch/Erth      12%        N/A       13%         4
 Olgreb's Toxic Radiance  Alch           25%        N/A       13%         4
 Petrify                  Alch/Erth      25%        N/A       13%         4
 Vhi's Electric Charge    Tloc/Air       50%        N/A       13%         4
 Ensorcelled Hibernation  Hex/Ice        12%        N/A       16%         2
 Jinxbite                 Hex            12%        N/A       16%         2
 Searing Ray              Conj           12%        2d4       16%         2
 Static Discharge         Conj/Air       12%        3-4/arc   16%         2
 Sublimation of Blood     Necr           6%         N/A       16%         2
 Mephitic Cloud           Conj/Alch/Air  12%        N/A       16%         3
 Confusing Touch          Hex            6%         N/A       30%         3
 Dazzling Flash           Conj/Hex       12%        N/A       30%         3
 Frozen Ramparts          Ice            12%        1d2       30%         3
 Fugue of the Fallen      Necr           6%         N/A       30%         3
 Ozocubu's Armour         Ice            6%         N/A       30%         3
 Sigil of Binding         Hex            6%         N/A       30%         3
 Swiftness                Air            6%         N/A       30%         3
 Vampiric Draining        Necr           6%         2d6       30%         3
 Brom's Barrelling Bould  Conj/Erth      16%        2d4       34%         4
 Fulminant Prism          Conj/Alch      8%         3d6       34%         4
 Ignite Poison            Fire/Alch      16%        N/A       34%         4
 Sticky Flame             Fire/Alch      16%        2d5       34%         4
 Alistair's Intoxication  Alch           16%        N/A       34%         5
 Airstrike                Air            3%         2d(1-17)  69%         4
 Anguish                  Hex/Necr       3%         N/A       69%         4
 Cause Fear               Hex            3%         N/A       69%         4
 Irradiate                Conj/Alch      8%         3d14      69%         5
 Yara's Violent Unravell  Hex/Alch       8%         3d5       69%         5
 Eringya's Noxious Bog    Alch           12%        4d6       89%         6
 Agony                    Necr           6%         N/A       95%         5
 Fireball                 Conj/Fire      3%         3d4       95%         5
 Freezing Cloud           Conj/Ice/Air   3%         6-21      95%         5
 Iskenderun's Battlesphe  Conj           6%         2d6       95%         5
 Metabolic Englaciation   Hex/Ice        3%         N/A       95%         5
 Silence                  Hex/Air        3%         N/A       95%         5
 Conjure Ball Lightning   Conj/Air       3%         3x3d6     100%        6
 Enfeeble                 Hex            3%         N/A       100%        7
 Orb of Destruction       Conj           3%         9d5       100%        7
 Discord                  Hex            3%         N/A       100%        8
 Lehudib's Crystal Spear  Conj/Erth      8%         10d3      100%        8
 Maxwell's Capacitive Co  Air            3%         ∞         100%        8
 Fire Storm               Conj/Fire      3%         8d1       100%        9
 Summon Small Mammal      Summ           Unusable   N/A       N/A         1
 Call Imp                 Summ           Unusable   N/A       N/A         2
 Tukima's Dance           Hex            Unusable   N/A       N/A         3
 Animate Armour           Summ/Erth      Unusable   N/A       N/A         4
 Summon Forest            Summ/Tloc      Unusable   N/A       N/A         5
 Summon Lightning Spire   Summ/Air       Unusable   N/A       N/A         4
 Simulacrum               Ice/Necr       Unusable   N/A       N/A         6
 Malign Gateway           Summ/Tloc      Unusable   N/A       N/A         7
 Monstrous Menagerie      Summ           Unusable   N/A       N/A         7
 Summon Hydra             Summ           Unusable   N/A       N/A         7

Dungeon Overview and Level Annotations

Branches:
Dungeon (15/15)            Temple (1/1) D:6            Lair (5/5) D:10
 Shoals (4/4) Lair:2        Snake (4/4) Lair:3        Slime (0/5) Lair:4
    Orc (2/2) D:10            Elf (3/3) Orc:2        Vaults (5/5) D:14
  Crypt (0/3) Vaults:3     Depths (4/4) D:15            Zot (5/5) Depths:4
  IceCv (visited)          WizLab (visited)         Desolation (visited)
Gauntlet (visited)

Altars:
Ashenzari
Cheibriados
Dithmenos
Fedhas
Gozag
Hepliaklqana
Kikubaaqudgha
Makhleb
Nemelex Xobeh
Okawaru
Qazlal
Ru
Sif Muna
Trog
Uskayaw
Vehumet
Wu Jian
Xom
Yredelemnul
Jiyva
Lugonu

Shops:
D:3 [   D:10 :   D:15 [   Orc:1 !   Orc:2 [*:[**?!([   Elf:3 =?[   Shoals:4 (
Snake:1 :   Vaults:4 (*[!   Depths:1 =:![   Depths:2 [

Portals:
Hell: Depths:1 Depths:2 Depths:3 Depths:4
Abyss: Depths:1 Depths:3 Depths:4
Pandemonium: Depths:2
Ziggurat: Depths:4


Innate Abilities, Weirdness & Mutations

Your natural rate of healing is accelerated.
You have razor-sharp teeth.
You have supernaturally acute eyesight. (SInv)
You are afflicted with vampirism and can become a bat while bloodless.


Message History

You feel extremely sick.
You feel better.
Magic restored.
There is a stone staircase leading up here.
You fly upwards.
There is a stone staircase leading down here.
Things that are here:
a +0 robe; a +0 falchion
There is a stone staircase leading up here.
You fly upwards.
There is a stone staircase leading down here.
There is an open door here.
Things that are here:
a +0 robe; a +0 dagger
There is a stone staircase leading up, spattered with blood here.
You fly upwards.
There is a stone staircase leading down here.
A Tzitzimitl comes into view.
There is a stone staircase leading up here.
The Tzitzimitl gestures at you. The bolt of negative energy misses you.
You fly upwards.
There is a stone staircase leading down here.
You see here a +0 trident.
HP restored.
There is a stone staircase leading up here.
You fly upwards.
There is a stone staircase leading down here.
An orange demon comes into view.
The orange demon screeches!
You shoot an arrow. The arrow hits the orange demon!!
The orange demon is heavily wounded.
You shoot an arrow.
The arrow barely misses the orange demon.
You shoot an arrow. The arrow hits the orange demon!!!
You kill the orange demon!
Okawaru accepts your kill.
There is a stone staircase leading up, spattered with blood here.
You fly upwards.
There is a stone staircase leading down here.
A chaos spawn comes into view.
There is a stone staircase leading up here.
You fly upwards.
There is a stone staircase leading down here.
There is a stone staircase leading up here.
You fly upwards.
There is a stone staircase leading down here.
There is an open door here.
There is a staircase leading out of the dungeon here.
You have escaped!

#.# ##...## #.......# #####.#
##.....## ####...##
#.....#####.......## #.....#
#.#................####.....#
#..................+......)..
#.#................####...#.#
#......####.......## ##.##.#
###....#>#####...### ####.#
#....#....@#.....# #.....
#....#.#####+###.# #.#...
####.#'#.# #.# #.# #.#...
#.#.#.# #.###.# #.#...
#.#...###.....# #.##.#
#.###.##...##.# #..... #.#
#.#.....#[# ####.# #.#
#.........# #.#
#.#######.###.########.#


There were no monsters in sight!

Vanquished Creatures
  2 dread liches (Zot:5)
  2 ancient liches (Zot:5)
  6 orbs of fire (Zot:5)
  6 juggernauts
  9 Killer Klowns (Zot:5)
  A curse toe (Zot:5)
  12 caustic shrikes
  11 golden dragons
  Nikola (Snake:1)
  Norris (Elf:1)
  2 electric golems (Zot:5)
  7 tentacled monstrosities
  Rupert (Snake:1)
  29 Orb Guardians
  4 titans
  2 deep elf master archers (Elf:3)
  6 liches
  4 quicksilver dragons
  11 sphinxes
  2 deep elf blademasters (Elf:3)
  2 death cobs
  A walking earthen tome (Depths:3)
  An Executioner (Zot:2)
  Polyphemus (Shoals:2)
  3 krakens
  Frances (Shoals:1)
  9 tengu reavers
  The ghost of selen the Warrior, an adept MfGl of Okawaru (Elf:2)
  Aizul (Snake:1)
  6 storm dragons
  13 shadow dragons
  10 nagarajas
  2 draconian monks (Zot:5)
  2 draconian knights
  9 deep elf sorcerers
  4 iron dragons
  4 draconian shifters
  A protean progenitor (Zot:5)
  10 fire giants
  13 frost giants
  Louise (Snake:4)
  2 draconian scorchers (Zot:4)
  20 vault wardens
  3 imperial myrmidons (Desolation)
  The ghost of Foyclucs the Party-goer, a journeyman DsAr of Uskayaw (D:14)
  A curse skull (Vaults:3)
  3 ghost moths
  3 demonspawn corrupters (WizLab)
  6 deep elf elementalists (Elf:3)
  4 draconian stormcallers (Depths:4)
  21 very ugly things
  A formless jellyfish (Vaults:2)
  25 ironbound preservers
  The ghost of Leissi the Basher, a journeyman GrFi of Gozag (Orc:2)
  A reaper (IceCv)
  2 orc warlords (Vaults:3)
  A green draconian (Zot:4)
  2 draconian annihilators
  6 deep elf demonologists
  6 ironbound thunderhulks
  5 war gargoyles
  4 vampire knights
  20 stone giants
  2 spriggan defenders (Depths:3)
  Nessos (D:13)
  3 white draconians
  12 deep elf annihilators (Elf:3)
  A halazid warlock (Desolation)
  Azrael (D:13)
  5 deep elf death magi
  3 black draconians
  3 red draconians
  4 dire elephants
  7 yellow draconians
  2 purple draconians (Zot:4)
  5 spark wasps (Depths:2)
  10 ettins
  11 merfolk impalers
  An entropy weaver (Vaults:1)
  The ghost of Kous the Skirmisher, a journeyman DsMo of Dithmenos (D:14)
  A blizzard demon (D:9)
  4 crystal guardians
  19 yaktaur captains
  3 merfolk javelineers
  11 fire dragons
  The ghost of koorschki the Destroyer, a journeyman DsCj of Vehumet (Snake:1)
  A green death (D:9)
  7 ragged hierophants (Desolation)
  The ghost of TheCrane the Fighter, a journeyman HOFi of Okawaru (D:11)
  8 servants of whispers (Desolation)
  5 hydras
  7 deep elf high priests
  11 peacekeepers
  4 great orbs of eyes
  6 spriggan air magi
  A salamander tyrant (Snake:3)
  37 vault guards
  Fannar (Lair:3)
  A rakshasa (Depths:1)
  8 ironbound frosthearts
  A merfolk avatar (Shoals:4)
  2 catoblepae
  A death knight (Vaults:3)
  23 centaur warriors
  4 ice dragons
  2 ogre magi (Vaults:5)
  29 dancing weapons
  5 boulder beetles
  7 satyrs
  2 alligator snapping turtles
  4 two-headed ogres
  5 merfolk aquamancers
  10 death yaks
  10 naga warriors
  12 spriggan berserkers
  15 anacondas
  Urug (D:13)
  5 orc high priests (Orc:2)
  8 deep troll earth magi
  6 deep troll shamans
  10 tengu warriors
  7 occultists
  A vampire mage (Depths:1)
  9 naga sharpshooters
  13 shock serpents
  A soul eater (Depths:2)
  22 deep elf knights
  The ghost of tish the Cleaver, a novice HOFi of Dithmenos (D:6)
  3 salamander mystics
  12 skysharks
  7 sun demons (Depths:2)
  12 hell knights
  7 iron trolls
  2 shadow wraiths (Vaults:5)
  82 deep trolls
  3 glowing orange brains
  4 naga ritualists
  8 lindwurms
  The ghost of rumpelstilzz the Ducker, a novice TrWr (D:6)
  15 deep elf archers
  2 harpies (shapeshifter) (D:14)
  17 sea snakes
  6 phantasmal warriors
  An orange crystal statue (D:15)
  An obsidian statue (Orc:2)
  13 arcanists
  22 deep elf zephyrmancers
  16 ironbound convokers
  32 harpies
  13 mana vipers
  2 necromancers (Depths:2)
  2 wolf spiders
  33 deep elf pyromancers
  18 manticores
  The ghost of koorschki the Vexing, a novice DsEn of Dithmenos (D:6)
  The ghost of joopi the Changeling, a novice OpSh (D:6)
  12 orc knights
  46 ugly things
  8 cyclopes
  15 fauns
  2 orc sorcerers (Orc:2)
  A wolf spider (shapeshifter) (Vaults:5)
  11 salamanders
  9 moths of wrath
  A shining eye (Depths:2)
  5 worldbinders (WizLab)
  10 elephants
  32 black mambas
  6 merfolk sirens
  16 naga magi
  2 molten gargoyles
  21 vault sentinels
  11 guardian serpents
  2 ice statues (IceCv)
  2 water nymphs
  A water nymph (shapeshifter) (Vaults:5)
  5 kobold blastminers
  2 eyes of devastation (Depths:2)
  An eye of devastation (shapeshifter) (Vaults:5)
  A gargoyle (D:13)
  2 large abominations (Zot:2)
  An orange demon (D:4)
  A smoke demon (Depths:2)
  A torpor snail (Lair:2)
  8 cane toads
  An unseen horror (D:11)
  3 kobold demonologists (D:12)
  54 yaktaurs
  A tormentor (Depths:2)
  A hellion (Depths:2)
  10 komodo dragons
  2 rime drakes (Lair:5)
  A komodo dragon (shapeshifter) (WizLab)
  5 ice devils (IceCv)
  7 tengu conjurers
  2 efreet (D:14)
  A merfolk (shapeshifter) (Elf:3)
  34 merfolk
  A troll (shapeshifter) (Elf:1)
  A meliai (shapeshifter) (Depths:2)
  6 hornets
  2 polar bears
  6 meliai
  8 trolls
  2 red devils
  Grinder (D:6)
  A wind drake (shapeshifter) (Depths:2)
  A tarantella (shapeshifter) (Vaults:5)
  2 queen bees (shapeshifter)
  5 dream sheep
  48 saltlings (Desolation)
  8 blink frogs
  10 snapping turtles
  3 wind drakes
  2 glass eyes (Depths:2)
  45 slime creatures
  3 air elementals
  6 spriggans
  Sigmund (D:4)
  4 wyverns
  3 shadows
  21 water elementals
  A jumping spider (Vaults:1)
  67 yaks
  A vampire (D:9)
  7 wraiths
  A human (D:14)
  3 wargs
  Grum (D:9)
  9 basilisks
  2 steam dragons
  A redback (Vaults:1)
  5 fire elementals
  A death yak simulacrum (IceCv)
  A human simulacrum (Vaults:4)
  10 vampire mosquitoes
  3 swamp worms (Zot:5)
  2 harpy simulacra (IceCv)
  45 nagas
  A swamp worm (shapeshifter) (D:14)
  Edmund (D:5)
  A hydra simulacrum (IceCv)
  An acid dragon (D:13)
  10 water moccasins
  3 hell hounds
  3 sky beasts
  An ice beast (D:8)
  47 orc warriors
  An ice beast (shapeshifter) (Depths:4)
  6 black bears
  14 ogres
  A boggart (Vaults:4)
  5 wolves
  2 phantoms
  3 kobold brigands
  9 bullfrogs
  3 gnoll sergeants
  4 scorpions
  A two-headed ogre simulacrum (IceCv)
  5 earth elementals
  2 cane toad simulacra (IceCv)
  8 wights (D:8)
  An elephant simulacrum (IceCv)
  A howler monkey (D:7)
  6 jellies
  35 orc priests
  4 hounds
  Crazy Yiuf (D:2)
  A gnoll bouda (D:5)
  3 iron imps (D:9)
  Jessica (D:2)
  4 iguanas
  3 sleepcaps
  Terence (D:3)
  Natasha (thrice) (D:2)
  29 orc wizards
  10 hell rats
  3 spriggan simulacra (IceCv)
  A polar bear simulacrum (IceCv)
  3 troll simulacra (IceCv)
  A wolf simulacrum (IceCv)
  3 adders
  15 gnolls
  A river rat (D:10)
  2 naga simulacra (IceCv)
  2 white imps (IceCv)
  4 ufetubi
  A worm (D:6)
  3 dart slugs
  88 orcs
  3 bats
  3 endoplasms
  3 giant cockroaches
  5 goblins
  2 hobgoblins
  3 jackals (D:3)
  7 quokkas
  4 ball pythons
  15 frilled lizards
  15 kobolds
  5 rats
  4 tentacles
2251 creatures vanquished.

Vanquished Creatures (others)
  A deep elf pyromancer (Elf:2)
  A deep elf zephyrmancer (Elf:1)
  23 tentacles
25 creatures vanquished.

Grand Total: 2276 creatures vanquished

Notes
Turn   | Place    | Note
-------+----------+-------------------------------------------
     0 | D:1      | Ge0ff the Vampire Hunter began the quest for the Orb.
     0 | D:1      | Reached XP level 1. HP: 16/16 MP: 1/1
   512 | D:1      | Reached XP level 2. HP: 22/22 MP: 2/2
  1061 | D:2      | Noticed Jessica
  1085 | D:2      | Killed Jessica
  1086 | D:2      | Gained mutation: You are afflicted with vampirism and can
                  | become a bat while bloodless. [Vampire growth]
  1086 | D:2      | Reached XP level 3. HP: 28/28 MP: 3/3
  1347 | D:2      | Found a runed translucent door.
  1348 | D:2      | Noticed Crazy Yiuf
  1511 | D:2      | Noticed Natasha
  1522 | D:2      | HP: 1/28 [Natasha (4)]
  1525 | D:2      | Killed Natasha
  1526 | D:2      | Reached XP level 4. HP: 24/34 MP: 0/4
  1635 | D:2      | Noticed Natasha
  1639 | D:2      | Killed Natasha
  1806 | D:2      | Found a faded altar of an unknown god.
  2012 | D:2      | Noticed Natasha
  2017 | D:2      | Killed Natasha
  2018 | D:2      | Reached XP level 5. HP: 28/41 MP: 5/5
  2359 | D:3      | Found Xis Tize's Armour Emporium.
  2375 | D:3      | Noticed Terence
  3115 | D:4      | Reached skill level 5 in Ranged Weapons
  3269 | D:4      | Reached XP level 6. HP: 30/47 MP: 2/6
  3588 | D:4      | Noticed Sigmund
  3784 | D:4      | Noticed a steam dragon
  4049 | D:4      | Reached XP level 7. HP: 44/54 MP: 4/7
  4232 | D:4      | Found an ancient bone altar of Kikubaaqudgha.
  4378 | D:4      | Killed a steam dragon
  4839 | D:4      | Killed Sigmund
  4840 | D:4      | Reached skill level 5 in Fighting
  5189 | D:4      | Found an ancient bone altar of Kikubaaqudgha.
  5600 | D:5      | Entered Level 5 of the Dungeon
  5676 | D:5      | Reached XP level 8. HP: 62/62 MP: 8/8
  5842 | D:5      | Noticed Edmund
  6714 | D:6      | Found a runed translucent gate.
  6714 | D:6      | Found a runed translucent gate.
  6714 | D:6      | Found a runed translucent gate.
  6715 | D:6      | Noticed koorschki's ghost (novice DsEn)
  6715 | D:6      | Noticed tish's ghost (novice HOFi)
  6716 | D:6      | Noticed joopi's ghost (novice OpSh)
  6716 | D:6      | Noticed rumpelstilzz's ghost (novice TrWr)
  7031 | D:6      | Reached skill level 1 in Evocations
  7182 | D:6      | Found a staircase to the Ecumenical Temple.
  7347 | Temple   | Entered the Ecumenical Temple
  7357 | Temple   | Became a worshipper of Warmaster Okawaru
  7404 | D:6      | Found a radiant altar of Vehumet.
  7431 | D:6      | Reached XP level 9. HP: 20/68 MP: 4/9
  7559 | D:6      | Noticed Grinder
  7570 | D:6      | Paralysed by Grinder for 5 turns
  7589 | D:6      | Killed Grinder
  8141 | D:6      | Found a snail-covered altar of Cheibriados.
  8433 | D:7      | Found a blossoming altar of Fedhas.
  8453 | D:7      | Found a shadowy altar of Dithmenos.
  8948 | D:7      | Reached * piety under Okawaru
  8980 | D:7      | Identified the +8 flail of the Spinneret {protect, Dex+2}
  9251 | D:3      | Bought the +2 helmet of Shielding {Rampage rCorr Int-2
                  | Dex+2} for 298 gold pieces
  9279 | D:3      | Killed Terence
  9401 | D:5      | Killed Edmund
  9402 | D:5      | Reached skill level 1 in Invocations
  9514 | D:7      | Noticed a komodo dragon
  9582 | D:7      | Killed a komodo dragon
  9583 | D:7      | Reached skill level 10 in Ranged Weapons
  9646 | D:7      | Found a shimmering altar of Xom.
  9783 | D:8      | Reached ** piety under Okawaru
  9881 | D:8      | Found a broken altar of Ashenzari.
  9904 | D:8      | Reached XP level 10. HP: 75/77 MP: 9/11
 10654 | D:9      | Identified the +1 scale mail of the Forest {Dex+3 Stlth+}
 10872 | D:9      | Reached skill level 1 in Throwing
 10981 | D:9      | Reached *** piety under Okawaru
 11195 | D:9      | Noticed Grum
 11291 | D:9      | Killed Grum
 11559 | D:9      | Found a burning altar of Makhleb.
 11792 | D:3      | Bought a +1 cloak of stealth for 181 gold pieces
 11940 | D:10     | Entered Level 10 of the Dungeon
 11962 | D:10     | Found Woresh's Book Boutique.
 12028 | D:10     | Reached **** piety under Okawaru
 12208 | D:10     | Reached XP level 11. HP: 85/85 MP: 12/14
 12223 | D:10     | Noticed a death yak
 12249 | D:10     | Found a staircase to the Lair.
 12249 | D:10     | Noticed a death yak
 12269 | D:10     | Noticed a death yak
 12274 | D:10     | Killed a death yak
 12288 | D:10     | Killed a death yak
 12326 | D:10     | Killed a death yak
 12416 | D:10     | Found a staircase to the Orcish Mines.
 12424 | D:10     | Reached skill level 5 in Invocations
 12943 | D:2      | Killed Crazy Yiuf
 13246 | D:11     | Found a gate leading to a gauntlet.
 13259 | D:11     | Reached ***** piety under Okawaru
 13318 | D:11     | Found a transporter.
 13409 | Gauntlet | Entered a Gauntlet
 13409 | Gauntlet | Found a transporter.
 13409 | Gauntlet | Found a runed translucent door.
 13409 | Gauntlet | Found a transporter.
 13411 | Gauntlet | Found a runed translucent door.
 13419 | Gauntlet | Noticed a necromancer
 13422 | Gauntlet | Found a transporter.
 13440 | Gauntlet | Found a transporter.
 13440 | Gauntlet | Found a transporter.
 13441 | Gauntlet | Noticed a quicksilver ooze
 13443 | Gauntlet | Found a transporter.
 13443 | Gauntlet | Found a transporter.
 13455 | Gauntlet | Found a transporter.
 13470 | Gauntlet | Found a runed translucent door.
 13472 | Gauntlet | Noticed a wretched star
 13474 | Gauntlet | Found a transporter.
 13483 | Gauntlet | Found a transporter.
 13483 | Gauntlet | Noticed a four-headed hydra
 13500 | Gauntlet | Found a transporter.
 13520 | Gauntlet | Found a transporter.
 13520 | Gauntlet | Found a transporter.
 13536 | Gauntlet | Found a transporter.
 13751 | D:11     | Found a shadowy altar of Dithmenos.
 13844 | D:11     | Found a transporter.
 13853 | D:11     | Noticed a tengu warrior
 13863 | D:11     | Noticed a two-headed ogre
 14026 | D:11     | Noticed a two-headed ogre
 14026 | D:11     | Noticed a two-headed ogre
 14038 | D:11     | Found a bloodstained altar of Trog.
 14038 | D:11     | Noticed TheCrane's ghost (journeyman HOFi)
 14250 | D:11     | Noticed a boulder beetle
 14264 | D:11     | Killed a boulder beetle
 14453 | D:11     | Noticed a boulder beetle
 14471 | D:11     | Killed a boulder beetle
 14713 | Lair:1   | Entered Level 1 of the Lair of Beasts
 15014 | Lair:1   | Reached XP level 12. HP: 73/94 MP: 11/16
 15138 | Lair:1   | Reached skill level 5 in Evocations
 15605 | Lair:1   | Reached skill level 5 in Dodging
 16603 | Lair:2   | Identified the +8 rapier of Tenacity {heavy, Will++ rCorr}
 16690 | Lair:2   | Received a gift from Okawaru
 16953 | Lair:2   | Noticed a six-headed hydra
 17239 | Lair:2   | Killed a six-headed hydra
 17443 | Lair:2   | Found a staircase to the Shoals.
 17910 | Lair:3   | Found a frozen archway.
 17922 | IceCv    | Entered an ice cave
 18653 | IceCv    | Noticed a reaper
 18704 | IceCv    | Reached skill level 10 in Fighting
 18871 | IceCv    | Killed a reaper
 19059 | Lair:3   | Reached XP level 13. HP: 89/103 MP: 14/18
 19105 | Lair:3   | Noticed Fannar
 19135 | Lair:3   | Killed Fannar
 19135 | Lair:3   | Received a gift from Okawaru
 19453 | Lair:3   | Found a staircase to the Snake Pit.
 20294 | Lair:4   | Found a viscous altar of Jiyva.
 20399 | Lair:4   | Found a staircase to the Slime Pits.
 20807 | Lair:4   | Received a gift from Okawaru
 21524 | Lair:5   | Entered Level 5 of the Lair of Beasts
 22155 | Lair:5   | Received a gift from Okawaru
 23231 | Lair:5   | Reached XP level 14. HP: 93/113 MP: 20/20
 23751 | Orc:1    | Entered Level 1 of the Orcish Mines
 23753 | Orc:1    | You are sucked into a shaft and drop 1 floor!
 23753 | Orc:2    | Entered Level 2 of the Orcish Mines
 23753 | Orc:2    | Found Puips's Antique Armour Boutique.
 23758 | Orc:2    | Bought a pair of runed gloves for 225 gold pieces
 23786 | Orc:1    | Found a transporter.
 23798 | Orc:2    | Received a gift from Okawaru
 24061 | Orc:1    | Found Vyfoekhu's Distillery.
 24331 | Orc:2    | Found a staircase to the Elven Halls.
 24439 | Orc:1    | Found a transporter.
 24585 | Orc:2    | Found Vivilim's Magic Scroll Emporium.
 24594 | Orc:2    | Bought a scroll of blinking for 90 gold pieces
 25164 | Orc:2    | Found a runed translucent gate.
 25188 | Orc:2    | Found a runed translucent gate.
 25188 | Orc:2    | Found a runed translucent gate.
 25189 | Orc:2    | Found an opulent altar of Gozag.
 25190 | Orc:2    | Found Gyafoeklid's Assorted Antiques.
 25190 | Orc:2    | Found Liwameib's Assorted Antiques.
 25190 | Orc:2    | Noticed Leissi's ghost (journeyman GrFi)
 25253 | Orc:2    | Found Dyxokoeti's Distillery.
 25262 | Orc:2    | Bought a potion of cancellation for 128 gold pieces
 25262 | Orc:2    | Bought a potion of cancellation for 128 gold pieces
 25262 | Orc:2    | Bought a potion of enlightenment for 80 gold pieces
 25270 | Orc:2    | Found Begyserr's Weapon Shop.
 25292 | Orc:2    | Bought a +5 longbow of draining for 619 gold pieces
 25690 | Orc:2    | Reached ****** piety under Okawaru
 25691 | Orc:2    | Acquired the +2 pair of gloves of Iminuh {Dex+3 SInv}
 25691 | Orc:2    | Received a gift from Okawaru
 25705 | Orc:2    | Acquired a +2 shortbow of electrocution
 25705 | Orc:2    | Received a gift from Okawaru
 25748 | Orc:2    | Received a gift from Okawaru
 25852 | Orc:2    | Found Gomeiwyo's Antique Armour Boutique.
 25852 | Orc:2    | Found Raledef's Book Boutique.
 25853 | Orc:2    | Found Bekk's Assorted Antiques.
 25853 | Orc:2    | Found Nuusk's Armour Boutique.
 25861 | Orc:2    | Bought a brass ring for 150 gold pieces
 26305 | D:6      | Killed tish's ghost
 26309 | D:6      | Killed joopi's ghost
 26310 | D:6      | Reached skill level 15 in Ranged Weapons
 26312 | D:6      | Killed koorschki's ghost
 26316 | D:6      | Killed rumpelstilzz's ghost
 26977 | D:12     | Noticed Jorgrun
 26983 | D:12     | Jorgrun changed into Jorgrun the storm dragon
 26983 | D:12     | Noticed Jorgrun
 27092 | D:12     | Killed Jorgrun the storm dragon
 27162 | D:12     | Noticed a tengu reaver
 27285 | D:12     | Killed a tengu reaver
 27918 | D:13     | Received a gift from Okawaru
 28035 | D:13     | Noticed Urug
 28048 | D:13     | Killed Urug
 28159 | D:13     | Noticed Azrael
 28166 | D:13     | Reached XP level 15. HP: 122/122 MP: 22/22
 28169 | D:13     | Killed Azrael
 28298 | D:13     | Noticed Nessos
 28307 | D:13     | Reached skill level 10 in Invocations
 28313 | D:13     | Killed Nessos
 28502 | D:13     | Got the Discursus on the Sinister Oath
 29030 | D:14     | Found a shimmering blue altar of Sif Muna.
 29127 | D:14     | Found a runed translucent gate.
 29128 | D:14     | Found a runed translucent gate.
 29129 | D:14     | Found a runed translucent gate.
 29130 | D:14     | Noticed Kous's ghost (journeyman DsMo)
 29131 | D:14     | Noticed Foyclucs's ghost (journeyman DsAr)
 29533 | D:14     | Received a gift from Okawaru
 29638 | D:14     | Got Goydon's Volume of the Alembic and Frost
 29768 | D:14     | Noticed a tengu reaver
 29788 | D:14     | Killed a tengu reaver
 29918 | D:14     | Noticed a frost giant
 29925 | D:14     | Killed a frost giant
 30183 | D:14     | Found a gate to the Vaults.
 30640 | D:14     | Killed Kous's ghost
 30640 | D:14     | Received a gift from Okawaru
 30652 | D:14     | Killed Foyclucs's ghost
 30682 | D:14     | Identified the +3 dagger of Scorn {speed, rElec Will+++
                  | Dex-3}
 30716 | D:15     | Entered Level 15 of the Dungeon
 30944 | D:15     | Found Sisaro's Armour Boutique.
 31271 | D:15     | Found a staircase to the Depths.
 32290 | Orc:1    | Bought a potion of heal wounds for 65 gold pieces
 32290 | Orc:1    | Bought a potion of invisibility for 104 gold pieces
 32290 | Orc:1    | Bought a potion of enlightenment for 65 gold pieces
 32553 | Shoals:1 | Entered Level 1 of the Shoals
 32667 | Shoals:1 | Reached XP level 16. HP: 133/133 MP: 23/23
 32908 | Shoals:1 | Found a runed translucent door.
 32926 | Shoals:1 | Identified the +7 morningstar of Disharmony {drain, *Slow
                  | Str+8 Dex+3}
 33055 | Shoals:1 | Noticed Frances
 33067 | Shoals:1 | Killed Frances
 33292 | Shoals:1 | Noticed a kraken
 33799 | Shoals:1 | Killed a kraken
 34137 | Shoals:2 | Noticed Polyphemus
 34351 | Shoals:2 | Killed Polyphemus
 35441 | Shoals:2 | Noticed a kraken
 35452 | Shoals:2 | Killed a kraken
 35599 | Shoals:3 | Noticed a kraken
 35617 | Shoals:3 | Killed a kraken
 36590 | Shoals:3 | Received a gift from Okawaru
 37129 | Shoals:4 | Entered Level 4 of the Shoals
 37425 | Shoals:4 | Reached XP level 17. HP: 140/140 MP: 24/24
 37469 | Shoals:4 | Received a gift from Okawaru
 37848 | Shoals:4 | Got a barnacled rune of Zot
 37902 | Shoals:4 | Found Bumpud's Antique Weapon Shop.
 37912 | Shoals:4 | Found the +4 Cigotuvi's embrace {Corpsefed rMiasma ^Drain
                  | rN+}
 38834 | Snake:1  | Entered Level 1 of the Snake Pit
 39178 | Snake:1  | Received a gift from Okawaru
 39361 | Snake:1  | Found Danaroeg's Tiny Tomes.
 39422 | Snake:1  | Reached skill level 15 in Fighting
 39518 | Snake:1  | Noticed Nikola
 39526 | Snake:1  | Killed Nikola
 39730 | Snake:1  | Noticed Rupert
 39732 | Snake:1  | Paralysed by Rupert for 4 turns
 39744 | Snake:1  | Killed Rupert
 39877 | Snake:1  | Identified the serpent talisman of Action {rElec Str-3
                  | SInv}
 39877 | Snake:1  | Noticed Aizul
 39882 | Snake:1  | Received a gift from Okawaru
 39892 | Snake:1  | Killed Aizul
 40275 | Snake:1  | Found a runed translucent door.
 40277 | Snake:1  | Noticed koorschki's ghost (journeyman DsCj)
 40343 | Snake:1  | Killed koorschki's ghost
 40675 | Snake:2  | Reached XP level 18. HP: 148/151 MP: 25/25
 41257 | Snake:3  | Received a gift from Okawaru
 41804 | Snake:4  | Entered Level 4 of the Snake Pit
 42121 | Snake:4  | Reached skill level 5 in Throwing
 42182 | Snake:4  | Noticed Louise
 42198 | Snake:4  | Received a gift from Okawaru
 42220 | Snake:4  | Killed Louise
 42881 | Snake:4  | Reached skill level 1 in Armour
 43160 | Snake:4  | Got a serpentine rune of Zot
 43510 | D:11     | Killed TheCrane's ghost
 43697 | Orc:2    | Killed Leissi's ghost
 43837 | Orc:2    | Bought a scroll of enchant weapon for 232 gold pieces
 43838 | Orc:2    | Bought a pair of glowing boots for 187 gold pieces
 43838 | Orc:2    | Bought a scroll of enchant weapon for 187 gold pieces
 43894 | Elf:1    | Entered Level 1 of the Elven Halls
 43896 | Elf:1    | Reached skill level 5 in Armour
 44046 | Elf:1    | Received a gift from Okawaru
 44093 | Elf:1    | Noticed Norris
 44104 | Elf:1    | Killed Norris
 44139 | Elf:1    | Reached XP level 19. HP: 146/161 MP: 14/26
 44263 | Elf:1    | Identified 2 scrolls of acquirement
 44264 | Elf:1    | Acquired a +2 hat of willpower
 44265 | Elf:1    | Acquired 691 gold pieces
 44338 | Elf:1    | Received a gift from Okawaru
 45099 | Orc:2    | Bought a scroll of enchant armour for 90 gold pieces
 45262 | Elf:2    | Found a runed translucent door.
 45262 | Elf:2    | Noticed selen's ghost (adept MfGl)
 45460 | Elf:2    | Found a runed translucent gate.
 45460 | Elf:2    | Found a runed translucent gate.
 45462 | Elf:2    | Found a runed translucent gate.
 45580 | Elf:2    | Killed selen's ghost
 45777 | Elf:2    | Paralysed by an air elemental for 1 turns
 46201 | Elf:2    | Received a gift from Okawaru
 46321 | Elf:2    | Reached skill level 10 in Armour
 46727 | Elf:2    | Identified the blade talisman "Jummoy" {rF+}
 46941 | Elf:3    | Entered Level 3 of the Elven Halls
 47196 | Elf:3    | Found Fuoles's Book Shop.
 47198 | Elf:3    | Found Miarug's Jewellery Boutique.
 47201 | Elf:3    | Found Elod's Magic Scroll Shop.
 47207 | Elf:3    | Bought a scroll of blinking for 120 gold pieces
 47207 | Elf:3    | Bought a scroll of poison for 64 gold pieces
 47207 | Elf:3    | Bought a scroll of vulnerability for 64 gold pieces
 47292 | Elf:3    | Paralysed by an air elemental for 1 turns
 47474 | Elf:3    | Received a gift from Okawaru
 47726 | Elf:3    | Found Ynlyssou's Antique Armour Shop.
 48429 | Elf:3    | Identified the +0 war axe "Orb Guardian's Bane" {antimagic,
                  | *Slow rPois rN+++}
 48453 | Elf:3    | Reached XP level 20. HP: 174/174 MP: 27/27
 48675 | Elf:3    | Received a gift from Okawaru
 48754 | Elf:3    | Identified the staff "Fuovanaw" {^Drain rPois Int+3 Dex+5
                  | Alchemy}
 49049 | Elf:3    | Got the Guidebook on the Called Dragon
 49069 | Elf:3    | Found the +2 cloak of the Thief {*Fog Slay-2 SInv Stlth+}
 49093 | Elf:3    | Got the Octavo of the Squall
 49123 | Elf:3    | Identified the +4 shortbow of a sewer {speed, rPois Int+2
                  | Stlth+}
 49380 | Vaults:1 | Entered Level 1 of the Vaults
 49591 | Vaults:1 | Received a gift from Okawaru
 50041 | Vaults:1 | Reached skill level 10 in Dodging
 50961 | Vaults:2 | Found a crumbling gateway.
 50984 | Desolati | Entered the Desolation of Salt
 51357 | Desolati | Received a gift from Okawaru
 51761 | Desolati | Identified the +7 rapier "Sumis" {antimagic, rC+ rN+ Will+
                  | Str+2}
 51761 | Desolati | Identified the ring "Koism" {Wiz rC+ Dex+3}
 51834 | Desolati | Identified the +5 ring mail of the Louse {Harm Will- Str+2
                  | Dex+3}
 51894 | Desolati | Got the Elucidation of Non-Euclidean Rallying
 52073 | Desolati | Received a gift from Okawaru
 52088 | Desolati | Identified the staff of Lafauneg {rPois Int+3 Stlth+
                  | Alchemy}
 52105 | Desolati | Reached XP level 21. HP: 174/184 MP: 25/28
 52114 | Desolati | Identified the +0 orcbow "Daepp" {flame, ^Drain rC+++
                  | Int-5}
 52780 | Vaults:2 | Received a gift from Okawaru
 52862 | Vaults:2 | Reached skill level 15 in Dodging
 53795 | Vaults:3 | Received a gift from Okawaru
 54853 | Vaults:3 | Found a staircase to the Crypt.
 54962 | Vaults:3 | Reached XP level 22. HP: 185/192 MP: 26/29
 54963 | Vaults:3 | Received a gift from Okawaru
 55143 | Vaults:4 | Identified the +0 chain mail of Vedghaxun {+Blink Fly rN++
                  | Stlth-}
 55149 | Vaults:4 | Identified the ring "Boaw" {rElec rF+ Str-4 Int+6}
 55395 | Vaults:4 | Found Pesuot's Antique Armour Shop.
 55395 | Vaults:4 | Found Iraujees's Weapon Shoppe.
 55434 | Vaults:4 | Found Nugukhla's Distillery.
 55442 | Vaults:4 | Bought a potion of heal wounds for 105 gold pieces
 55442 | Vaults:4 | Bought a potion of heal wounds for 105 gold pieces
 55583 | Vaults:4 | Found Hasm's General Store.
 55590 | Vaults:4 | Bought a scroll of fog for 76 gold pieces
 55590 | Vaults:4 | Bought a wand of mindburst (2) for 53 gold pieces
 56181 | Vaults:4 | Received a gift from Okawaru
 56654 | Depths:1 | Entered Level 1 of the Depths
 56746 | Depths:1 | Found a gateway to Hell.
 56828 | Depths:1 | Found a radiant altar of Vehumet.
 56884 | Depths:1 | Found Qiastrer's Book Emporium.
 56933 | Depths:1 | Found Sofaler's Jewellery Boutique.
 57043 | Depths:1 | Found Itaruotz's Armour Shop.
 57267 | Depths:1 | Found Usmapt's Distillery.
 57435 | Depths:1 | Found a one-way gate to the infinite horrors of the Abyss.
 57615 | Depths:2 | Acquired 683 gold pieces
 57694 | Depths:2 | Gained mutation: Your spells are a little easier to cast,
                  | but a little less powerful. [a shining eye]
 57795 | Depths:2 | Found a magical portal.
 57807 | WizLab   | Entered Alistair's Party Mansion
 57895 | WizLab   | Learned a level 2 spell: Blink
 58337 | WizLab   | Acquired the +0 pair of boots of Okawaru's Reproof {rElec
                  | Str+3 Int-4}
 58568 | WizLab   | Reached skill level 10 in Evocations
 58671 | Depths:2 | Found Reibb's Antique Armour Shop.
 58688 | Depths:2 | Bought a pair of bloodstained boots for 342 gold pieces
 58688 | Depths:2 | Identified the +0 pair of boots of Fortitude {Will+ Int+3
                  | Stlth+} (You bought it in a shop on level 2 of the Depths)
 58840 | Depths:2 | Reached XP level 23. HP: 198/198 MP: 32/32
 59142 | Depths:2 | Received a gift from Okawaru
 59380 | Depths:2 | Noticed a caustic shrike
 59380 | Depths:2 | Noticed a caustic shrike
 59380 | Depths:2 | Noticed a caustic shrike
 59380 | Depths:2 | Noticed a caustic shrike
 59380 | Depths:2 | Noticed a caustic shrike
 59387 | Depths:2 | Killed a caustic shrike
 59392 | Depths:2 | Killed a caustic shrike
 59400 | Depths:2 | Killed a caustic shrike
 59758 | Depths:2 | Noticed a juggernaut
 59774 | Depths:2 | Killed a juggernaut
 60036 | Depths:2 | Received a gift from Okawaru
 60500 | Depths:2 | Noticed a juggernaut
 60511 | Depths:2 | Killed a juggernaut
 60525 | Depths:2 | Received a gift from Okawaru
 60568 | Depths:2 | Identified the +10 shortbow "Qyer" {drain, ^Drain rC++ MP+9
                  | Str+2}
 60590 | Depths:2 | Noticed a juggernaut
 60600 | Depths:2 | Killed a juggernaut
 60925 | Depths:2 | Found a one-way gate leading to the halls of Pandemonium.
 61025 | Depths:3 | Found a corrupted altar of Lugonu.
 61041 | Depths:3 | Found a flickering gateway to a bazaar.
 61046 | Bazaar   | Entered a bazaar
 61046 | Bazaar   | Found Jiowor's Magic Scroll Shop.
 61046 | Bazaar   | Found Bof Kanawn's Magic Scroll Emporium.
 61159 | Bazaar   | Found Ygechy's Book Boutique.
 61188 | Bazaar   | Bought a scroll of silence for 180 gold pieces
 61193 | Bazaar   | Found Xuesyrghu's Armour Shop.
 61204 | Bazaar   | Found Gitrusm's Assorted Antiques.
 61212 | Bazaar   | Bought a scroll of immolation for 88 gold pieces
 61222 | Bazaar   | Bought a +2 cloak of preservation for 322 gold pieces
 61243 | Bazaar   | Bought a scroll of enchant armour for 142 gold pieces
 61243 | Bazaar   | Bought a scroll of blinking for 142 gold pieces
 61256 | Bazaar   | Bought 2 scrolls of immolation for 112 gold pieces
 61256 | Bazaar   | Bought a scroll of teleportation for 42 gold pieces
 61256 | Bazaar   | Bought a scroll of teleportation for 42 gold pieces
 61256 | Bazaar   | Bought a scroll of immolation for 56 gold pieces
 61256 | Bazaar   | Bought a scroll of immolation for 56 gold pieces
 61256 | Bazaar   | Bought a scroll of immolation for 56 gold pieces
 61330 | Depths:3 | Found an opulent altar of Gozag.
 61991 | Depths:3 | Reached skill level 1 in Spellcasting
 62011 | Depths:3 | Noticed a caustic shrike
 62020 | Depths:3 | Killed a caustic shrike
 62021 | Depths:3 | Reached skill level 1 in Translocations
 62203 | Depths:3 | Noticed a juggernaut
 62211 | Depths:3 | Killed a juggernaut
 62253 | Depths:3 | You are sucked into a shaft and drop 1 floor!
 62253 | Depths:4 | Entered Level 4 of the Depths
 62354 | Depths:4 | Noticed a juggernaut
 62364 | Depths:4 | Killed a juggernaut
 62389 | Depths:4 | Reached XP level 24. HP: 190/205 MP: 30/33
 62476 | Depths:4 | Found a gate to the Realm of Zot.
 62646 | Depths:3 | Identified the +0 ring mail of the World {*Corrode rElec
                  | Str+4 Dex+2}
 62771 | Depths:4 | Noticed a juggernaut
 62902 | Depths:4 | Found a one-way gateway to a ziggurat.
 63018 | Depths:4 | Killed a juggernaut
 63089 | Depths:4 | Reached skill level 5 in Spellcasting
 63352 | Depths:4 | Received a gift from Okawaru
 63524 | Depths:4 | Reached skill level 5 in Translocations
 64018 | Orc:2    | Bought a scroll of revelation for 90 gold pieces
 64018 | Orc:2    | Bought a scroll of fog for 48 gold pieces
 64018 | Orc:2    | Bought 3 scrolls of teleportation for 108 gold pieces
 64018 | Orc:2    | Bought a scroll of teleportation for 36 gold pieces
 64022 | Orc:2    | Learned a level 2 spell: Passwall
 64099 | Orc:2    | Bought a book of Party Tricks for 352 gold pieces
 64101 | Orc:2    | Learned a level 1 spell: Apportation
 64534 | Vaults:5 | Entered Level 5 of the Vaults
 64581 | Vaults:5 | Reached skill level 1 in Alchemy
 64586 | Vaults:5 | Reached skill level 1 in Earth Magic
 64756 | Vaults:5 | Received a gift from Okawaru
 65162 | Vaults:5 | Identified the +0 orcbow of Traps {elec, rPois Will+ Str+3
                  | Dex+4}
 65292 | Vaults:5 | Reached skill level 15 in Invocations
 66291 | Vaults:5 | Reached XP level 25. HP: 212/212 MP: 29/34
 66300 | Vaults:5 | Reached skill level 5 in Alchemy
 66333 | Vaults:5 | Received a gift from Okawaru
 66380 | Vaults:5 | Reached skill level 5 in Earth Magic
 66895 | Vaults:5 | Reached skill level 5 in Stealth
 66912 | Vaults:5 | Got a silver rune of Zot
 67216 | Vaults:5 | Identified the +6 quarterstaff of the Key {flame, rElec
                  | rPois Dex+5}
 67337 | Vaults:5 | Identified the +0 plate armour of Indomitability {*Slow
                  | Str+9}
 67469 | Vaults:5 | Found the +2 pair of slick slippers {slick, slippery, EV+4}
 67483 | Vaults:5 | Identified the +2 spear of Trauma {holy, Int+4}
 68302 | Orc:1    | Bought a potion of magic for 104 gold pieces
 68302 | Orc:1    | Bought a potion of brilliance for 52 gold pieces
 68302 | Orc:1    | Bought 2 potions of curing for 78 gold pieces
 68302 | Orc:1    | Bought a potion of ambrosia for 104 gold pieces
 68302 | Orc:1    | Bought a potion of curing for 39 gold pieces
 68335 | Orc:2    | Bought a potion of enlightenment for 80 gold pieces
 68335 | Orc:2    | Bought a potion of cancellation for 128 gold pieces
 68335 | Orc:2    | Bought 2 potions of heal wounds for 160 gold pieces
 68379 | Orc:2    | Bought a potion of curing for 93 gold pieces
 68379 | Orc:2    | Bought a potion of curing for 93 gold pieces
 68379 | Orc:2    | Bought a potion of heal wounds for 155 gold pieces
 68379 | Orc:2    | Bought a scroll of blinking for 232 gold pieces
 68379 | Orc:2    | Bought a scroll of teleportation for 93 gold pieces
 68490 | Orc:2    | Bought a scroll of revelation for 225 gold pieces
 68600 | Orc:2    | Bought a potion of heal wounds for 125 gold pieces
 68822 | Depths:1 | Bought 2 potions of brilliance for 104 gold pieces
 68822 | Depths:1 | Bought a potion of curing for 39 gold pieces
 68822 | Depths:1 | Bought a potion of ambrosia for 104 gold pieces
 68822 | Depths:1 | Bought a potion of invisibility for 104 gold pieces
 68822 | Depths:1 | Bought a potion of invisibility for 104 gold pieces
 68822 | Depths:1 | Bought a potion of curing for 39 gold pieces
 68822 | Depths:1 | Bought a potion of heal wounds for 65 gold pieces
 69156 | Vaults:4 | Bought a potion of resistance for 210 gold pieces
 69517 | Zot:1    | Entered Level 1 of the Realm of Zot
 70553 | Zot:4    | Found a snail-covered altar of Cheibriados.
 70705 | Zot:4    | Received a gift from Okawaru
 70748 | Zot:4    | Reached skill level 10 in Translocations
 70958 | Zot:4    | Acquired 698 gold pieces
 71637 | Vaults:4 | Bought 2 potions of magic for 336 gold pieces
 71637 | Vaults:4 | Bought a potion of mutation for 168 gold pieces
 71637 | Vaults:4 | Bought a potion of mutation for 168 gold pieces
 71637 | Vaults:4 | Bought a potion of mutation for 168 gold pieces
 71872 | Vaults:1 | Reached skill level 10 in Stealth
 72103 | Zot:5    | Entered Level 5 of the Realm of Zot
 72319 | Zot:5    | Reached skill level 15 in Evocations
 73169 | Zot:5    | Noticed an orb of fire
 73183 | Zot:5    | Killed an orb of fire
 73256 | Zot:5    | Noticed a Killer Klown
 73271 | Zot:5    | Killed a Killer Klown
 73290 | Zot:5    | Noticed a dread lich
 73291 | Zot:5    | Noticed a Killer Klown
 73291 | Zot:5    | Noticed a Killer Klown
 73295 | Zot:5    | Noticed an ancient lich
 73309 | Zot:5    | Killed a dread lich
 73319 | Zot:5    | Killed an ancient lich
 73339 | Zot:5    | Killed a Killer Klown
 73342 | Zot:5    | Killed a Killer Klown
 73360 | Zot:5    | Noticed an orb of fire
 73489 | Zot:5    | Noticed an orb of fire
 73497 | Zot:5    | Noticed a Killer Klown
 73499 | Zot:5    | Killed an orb of fire
 73500 | Zot:5    | Noticed a Killer Klown
 73505 | Zot:5    | Noticed a Killer Klown
 73508 | Zot:5    | Noticed an orb of fire
 73513 | Zot:5    | Killed a Killer Klown
 73527 | Zot:5    | Noticed an orb of fire
 73531 | Zot:5    | Killed an orb of fire
 73532 | Zot:5    | Reached XP level 26. HP: 171/219 MP: 24/35
 73537 | Zot:5    | Killed an orb of fire
 73549 | Zot:5    | Reached skill level 15 in Stealth
 73550 | Zot:5    | Noticed an ancient lich
 73570 | Zot:5    | Killed an ancient lich
 73578 | Zot:5    | Killed an orb of fire
 73701 | Zot:5    | Received a gift from Okawaru
 73706 | Zot:5    | Noticed a dread lich
 73732 | Zot:5    | Killed a dread lich
 74320 | Zot:5    | Noticed an orb of fire
 74325 | Zot:5    | Gained mutation: Armour fits poorly on your strangely
                  | shaped body. [an orb of fire]
 74332 | Zot:5    | Killed an orb of fire
 74755 | Zot:5    | Lost mutation: Armour fits poorly on your strangely shaped
                  | body. [potion of mutation]
 74755 | Zot:5    | Lost mutation: Your spells are a little easier to cast, but
                  | a little less powerful. [potion of mutation]
 74755 | Zot:5    | Gained mutation: You are frail. (-10% HP) [potion of
                  | mutation]
 74755 | Zot:5    | Gained mutation: Your body sometimes deteriorates upon
                  | taking damage. [potion of mutation]
 74755 | Zot:5    | Gained mutation: Your system is resistant to poisons.
                  | (rPois) [potion of mutation]
 74755 | Zot:5    | Gained mutation: You possess an exceptional clarity of
                  | mind. [potion of mutation]
 74756 | Zot:5    | Lost mutation: You are frail. (-10% HP) [potion of
                  | mutation]
 74756 | Zot:5    | Lost mutation: Your system is resistant to poisons. (rPois)
                  | [potion of mutation]
 74756 | Zot:5    | Gained mutation: Armour fits poorly on your strangely
                  | shaped body. [potion of mutation]
 74756 | Zot:5    | Gained mutation: You are weak. (Str -2) [potion of
                  | mutation]
 74757 | Zot:5    | Lost mutation: You possess an exceptional clarity of mind.
                  | [potion of mutation]
 74757 | Zot:5    | Lost mutation: Your body sometimes deteriorates upon taking
                  | damage. [potion of mutation]
 74757 | Zot:5    | Gained mutation: You expend magic power (3 MP) to
                  | strengthen your wands. [potion of mutation]
 74758 | Zot:5    | Lost mutation: You expend magic power (3 MP) to strengthen
                  | your wands. [potion of mutation]
 74758 | Zot:5    | Lost mutation: You are weak. (Str -2) [potion of mutation]
 74758 | Zot:5    | Lost mutation: Armour fits poorly on your strangely shaped
                  | body. [potion of mutation]
 74758 | Zot:5    | Gained mutation: You are frail. (-10% HP) [potion of
                  | mutation]
 74758 | Zot:5    | Gained mutation: Your spells are a little harder to cast,
                  | but a little more powerful. [potion of mutation]
 74758 | Zot:5    | Gained mutation: Your spells are harder to cast, but more
                  | powerful. [potion of mutation]
 74759 | Zot:5    | Lost mutation: Your spells are harder to cast, but more
                  | powerful. [potion of mutation]
 74759 | Zot:5    | Lost mutation: You are frail. (-10% HP) [potion of
                  | mutation]
 74759 | Zot:5    | Gained mutation: You are vulnerable to heat. (rF-) [potion
                  | of mutation]
 74759 | Zot:5    | Gained mutation: You are frail. (-10% HP) [potion of
                  | mutation]
 74759 | Zot:5    | Lost mutation: Your spells are a little harder to cast, but
                  | a little more powerful. [potion of mutation]
 74760 | Zot:5    | Lost mutation: You are frail. (-10% HP) [potion of
                  | mutation]
 74760 | Zot:5    | Lost mutation: You are vulnerable to heat. (rF-) [potion of
                  | mutation]
 74760 | Zot:5    | Gained mutation: You have sharp toenails. [potion of
                  | mutation]
 74760 | Zot:5    | Gained mutation: You have hidden genetic defects. [potion
                  | of mutation]
 74760 | Zot:5    | Gained mutation: You are occasionally teleported next to
                  | monsters. [potion of mutation]
 74761 | Zot:5    | Lost mutation: You are occasionally teleported next to
                  | monsters. [potion of mutation]
 74761 | Zot:5    | Lost mutation: You have sharp toenails. [potion of
                  | mutation]
 74761 | Zot:5    | Lost mutation: You have hidden genetic defects. [potion of
                  | mutation]
 74761 | Zot:5    | Gained mutation: Your spells are a little harder to cast,
                  | but a little more powerful. [potion of mutation]
 74761 | Zot:5    | Lost mutation: Your spells are a little harder to cast, but
                  | a little more powerful. [potion of mutation]
 74843 | Zot:5    | Got the Orb of Zot
 75030 | Depths:4 | Noticed Pehinyd the pandemonium lord
 75236 | D:9      | Received a gift from Okawaru
 75453 | D:$      | Escaped with the Orb!

Illustrated notes

Levels and vault maps discovered:
D:1:      amcnicky_arrival_choice, layout_loops_corners, st_stairs_4
D:2:      layout_loops_ring, dreamdust_ecumenical_altar_hidden_monk_grotto,
          minmay_lizard_pond, uniq_jessica, uniq_crazy_yiuf_cottage,
          uniq_natasha
D:3:      layout_basic, serial_shops, shop, uniq_terence
D:4:      layout_loops_ring, mainiacjoe_overflow_chevrons, wad_orctagon,
          uniq_sigmund
D:5:      layout_gridville, uniq_edmund
D:6:      layout_cave_pods, slow_altar_2, mainiacjoe_overflow_cross_hatched,
          temple_fountains, gammafunk_ghost_cemetery, uniq_grinder
D:7:      layout_gridville, tgw_xom, fedhas_altar_3, lemuel_crystal_altar
D:8:      layout_loops_ring, mainiacjoe_overflow_surrounded_room
D:9:      layout_irregular_city, general_overflow_altar, demons_altar,
          zin_treasury, uniq_grum
D:10:     layout_rooms, dpeg_lair_monsters,
          kennysheep_orc_monster_closet_entryway, serial_shops,
          nicolae_shop_gibbet_a_chance
D:11:     layout_loops_ring, gammafunk_ghost_wrathful_warriors,
          gauntlet_entry_generic, nicolae_dithmenos_shadow_blocks
D:12:     layout_roguey, kennysheep_island_fort, uniq_jorgrun
D:13:     layout_loops_corners, uniq_urug, uniq_nessos, uniq_azrael
D:14:     minmay_textured_paths, layout_small_grid, hellmonk_vaults_keyhole,
          hangedman_abyss_or_decor_jellyfish_corner, gammafunk_ghost_cemetery,
          minmay_misc_feat_four_crosses, kennysheep_orc_sif_temple
D:15:     hangedman_depths_entry_try_elsewhere_first, layout_long_grid,
          serial_rivers, chequers_serial_rivers_small_b,
          chequers_serial_rivers_room_b, chequers_serial_rivers_room_b,
          chequers_serial_rivers_large_b, chequers_serial_rivers_marsh,
          chequers_serial_rivers_room_b, dk_noncrumbling_4, serial_shops, shop,
          minivault_16
Temple:   nicolae_temple_x_marks_the_god
Lair:1:   layout_regular_city, grunt_megastairs_3
Lair:2:   layout_layer_cave, minmay_shoals_entry_lonely_mermaid
Lair:3:   layout_regular_city, guppyfry_snake_entry_island,
          portal_ice_cave_entry_pillars_1, small_statue_intersection,
          uniq_fannar
Lair:4:   layout_roguey, nicolae_slime_entry_field_trip
Lair:5:   evilmike_catoblepas_cave, layout_regular_city,
          infiniplex_staircase_pool
Shoals:1: layout_shoals, lightli_airlock, uniq_frances
Shoals:2: layout_shoals, uniq_polyphemus
Shoals:3: layout_shoals, nicolae_shoals_mertower
Shoals:4: shoals_end_grunt_garden, layout_shoals, serial_shops, shop
Snake:1:  kennysheep_six_static_rooms, layout_gridlike,
          ebering_ghost_inner_flame, nicolae_shop_i_like_small_books_too,
          uniq_aizul, uniq_rupert, uniq_nikola
Snake:2:  layout_onion
Snake:3:  layout_misc_corridors, serial_bayou_shore_b
Snake:4:  grunt_snake_rune_pools, layout_gridlike,
          serial_library_regret_index_branch_corner, serial_bayou_pond_d,
          serial_bayou_shore_b, grunt_megastairs_1, uniq_louise
Orc:1:    layout_caves, serial_shops, nicolae_shop_drivethru
Orc:2:    st_orc_pillars, layout_caves, serial_shops, shop, shop,
          nicolae_diamond_shop, nicolae_shop_tiny_waterfront,
          ebering_ghost_gozag
Elf:1:    eino_elf_arrival_sip, layout_loops_cross, nicolae_elf_crossing_hall,
          uniq_norris
Elf:2:    elven_hall_of_blades_hangedman_original
          [nicolae_blade_entry_antechamber], layout_gridlike,
          hellmonk_ghost_happy_afterlife
Elf:3:    minmay_elf_hall_golems, layout_geoelf_grid, serial_shops,
          nicolae_shop_rolling_square, minmay_misc_feat_alley, minmay_shop_star
Vaults:1: nicolae_vaults_tangram_2, nicolae_vaults_meiosis, v_misc_14,
          ontoclasm_vaults_hangar, v_rooms_3, nicolae_vaults_trapezoid_2,
          nicolae_vaults_mini_display_case, v_misc_4, v_misc_28,
          layout_vaults_omnigrid
Vaults:2: portal_desolation_entry_twin_temple, v_misc_27,
          nicolae_vaults_tetromino_L_2, vaults_room_boxed, v_misc_9,
          nicolae_vaults_trapezoid_3, nicolae_vaults_alarming, v_alt_pattern_1,
          nicolae_vaults_wine_cellar, ontoclasm_vaults_misaligned,
          nicolae_vaults_doubleplus_tesselated, v_misc_25, layout_vaults_ring
Vaults:3: hangedman_vaults_corner, nicolae_vaults_sightless_eye, v_misc_29,
          vaults_room_large_hall, v_misc_28, hangedman_vaults_cutoff,
          minmay_crypt_entry_simple_walls, hangedman_vaults_restitches,
          nicolae_vaults_diagonal_hallway_7,
          nicolae_vaults_storage_room_statues, nicolae_vaults_rhombus_6,
          nicolae_vaults_enemy_cabinets, layout_vaults_big_room
Vaults:4: v_misc_23, nicolae_vaults_little_squares_1,
          nicolae_vaults_twisting_passages, nicolae_vaults_network_s,
          vaults_room_ringed_pool, nicolae_vaults_tetromino_Z_2, serial_ice_b,
          v_misc_3, hangedman_vaults_locks,
          vaults_standard_mumra_enter_the_diamond, v_alt_pattern_1,
          nicolae_vaults_mush_room, nicolae_vaults_weapon_check,
          layout_vaults_maze_bifur, serial_shops, shop, nicolae_shop_crystal,
          shop, nicolae_square_shop
Vaults:5: serial_shops
Depths:1: layout_gridlike, serial_shops, nicolae_shop_industrial_runoff,
          nicolae_shop_crystal, shop_fountains, nicolae_shop_mannequins,
          minmay_misc_feat_cross, abyss_entry, hangedman_geh_valley,
          vehumet_crystals
Depths:2: grunt_bent_corner, layout_gridlike, hex_medium, serial_shops,
          shop_statue, infiniplex_enter_wizlab_water,
          nicolae_hell_entry_hellmouth_sunbeams, grunt_pan_entry_sceptre,
          patterned_corridor, minmay_staircase_bubble
Depths:3: minmay_octo_star, layout_basic, hell_entry, serial_shops,
          bzr_entry_road, abyss_entry_flame_altar, minivault_11,
          nicolae_gozag_cash_rules_everything_around_me
Depths:4: evilmike_zot_entry_argh, layout_gridlike, enter_ziggurat_f,
          serial_sigils, serial_sigils_hangedman_writhe,
          serial_sigils_hangedman_quiver, serial_sigils_hangedman_gut,
          serial_sigils_hangedman_scratch, hell_entry,
          hangedman_decor_slide_cut, abyss_entry
Zot:1:    layout_concentric_octagons, zot_minivault_1
Zot:2:    lemuel_acid_trip, layout_onion, regret_index_zotdec_twisting_globes
Zot:3:    kennysheep_bubbly, layout_onion, grunt_megastairs_5
Zot:4:    layout_misc_corridors, regret_index_zotdec_serpentine_scales,
          st_stairs_3
Zot:5:    layout_basic

Skill      XL: |  1  2  3  4  5  6  7  8  9 10 11 12 13 14 15 16 17 18 19 20 21 22 23 24 25 26 |
---------------+-------------------------------------------------------------------------------+-----
Stealth        | 2 4 14 19 | 19.5
Fighting       | 2 3 4 5 6 7 8 10 11 12 14 15 17 19 20 | 20.5
Ranged Weapons | 4 5 6 7 8 10 11 12 14 15 17 19 20 | 20.9
Evocations     | 1 3 4 5 6 7 10 12 13 15 | 15.0
Dodging        | 3 4 5 7 12 18 20 | 20.5
Invocations    | 2 4 5 7 8 9 10 12 14 15 16 17 | 17.0
Throwing       | 2 6 |  6.0
Armour         | 6 12 | 12.0
Spellcasting   | 3 7 |  7.0
Translocations | 3 7 10 | 10.0
Alchemy        | 4 5 |  5.0
Earth Magic    | 4 5 |  5.0

Action                     |  1- 3 |  4- 6 |  7- 9 | 10-12 | 13-15 | 16-18 | 19-21 | 22-24 | 25-27 || total
---------------------------+-------+-------+-------+-------+-------+-------+-------+-------+-------++-------
  Melee: Shortbow          |       |    11 |       |       |       |       |       |       |       ||    11
         Bite              |       |     2 |       |       |       |       |       |       |       ||     2
   Fire: Shortbow          |    92 |   135 |   516 |  1280 |  1049 |       |       |       |       ||  3072
         Longbow           |       |       |       |       |   763 |  1496 |  1825 |  1878 |   977 ||  6939
         Arbalest          |       |       |       |       |   124 |       |       |       |       ||   124
  Throw: Dart              |       |       |       |    26 |    22 |       |       |     2 |       ||    50
   Cast: Blink             |       |       |       |       |       |       |       |     1 |     3 ||     4
         Apportation       |       |       |       |       |       |       |       |     1 |     1 ||     2
 Invoke: Heroism           |       |       |       |    13 |     3 |       |       |     2 |       ||    18
         Finesse           |       |       |       |       |    16 |    20 |    17 |    24 |    11 ||    88
         Receive Weapon    |       |       |       |       |     1 |       |       |       |       ||     1
         Receive Armour    |       |       |       |       |     1 |       |       |       |       ||     1
  Evoke: Wand              |       |       |     5 |    24 |    20 |     1 |       |     7 |     2 ||    59
         Lightning rod     |       |       |       |       |       |     8 |     9 |    12 |       ||    29
         Condenser vane    |       |       |       |       |       |       |     2 |     7 |     2 ||    11
         Phial of floods   |       |       |       |       |       |       |     1 |     2 |     1 ||     4
    Use: Potion            |     1 |       |     4 |     2 |     8 |     5 |     4 |     3 |    14 ||    41
         Scroll            |       |     1 |    11 |    10 |    15 |     6 |    12 |    13 |    12 ||    80
 Armour: Leather armour    |     4 |       |       |       |       |       |       |       |       ||     4
         Robe              |    13 |    78 |   158 |   314 |   504 |   275 |   260 |   152 |   109 ||  1863
  Dodge: Dodged            |    13 |    57 |   137 |   358 |   635 |   335 |   340 |   518 |   239 ||  2632

Table legend: (Time is in decaauts)
 A = Elapsed time spent in this place.
 B = Non-inter-level travel time spent in this place.
 C = Inter-level travel time spent in this place.
 D = Time resting spent in this place.
 E = Time spent auto-exploring this place.
 F = Levels seen in this place.
 G = Mean time per level.
                   A        B        C        D        E       F      G
               +--------+--------+--------+--------+--------+-----+--------+
         Total |  72604 |  63971 |   8633 |   8167 |  40007 |  53 | 1369.9 |
       Dungeon |  21744 |  18532 |   3212 |   1413 |  13557 |  15 | 1449.6 |
        Temple |     20 |     10 |     10 |      0 |      0 |   1 |   20.0 |
          Lair |   7723 |   7320 |    403 |    470 |   4745 |   5 | 1544.6 |
        Shoals |   6331 |   5876 |    455 |    532 |   4234 |   4 | 1582.8 |
     Snake Pit |   4254 |   4027 |    227 |    175 |   2997 |   4 | 1063.5 |
  Orcish Mines |   3653 |   2638 |   1015 |    213 |   1509 |   2 | 1826.5 |
   Elven Halls |   5034 |   4739 |    295 |   1213 |   2481 |   3 | 1678.0 |
        Vaults |  10145 |   8221 |   1924 |   1274 |   4639 |   5 | 2029.0 |
        Depths |   6095 |   5538 |    557 |    402 |   3849 |   4 | 1523.8 |
           Zot |   4431 |   3898 |    533 |   1721 |   1222 |   5 |  886.2 |
        Bazaar |    220 |    220 |      0 |      0 |    157 |   1 |  220.0 |
      Ice Cave |    948 |    948 |      0 |    204 |    187 |   1 |  948.0 |
        Wizlab |    756 |    756 |      0 |    309 |     69 |   1 |  756.0 |
    Desolation |   1094 |   1094 |      0 |    236 |    227 |   1 | 1094.0 |
      Gauntlet |    148 |    148 |      0 |      0 |    130 |   1 |  148.0 |
               +--------+--------+--------+--------+--------+-----+--------+

Top non-repeatable levels by time:
Vaults:5: 3120 daAuts
     D:4: 2796 daAuts
   Orc:2: 2720 daAuts
Depths:2: 2614 daAuts
   Zot:5: 2414 daAuts
Vaults:1: 2313 daAuts
   Elf:3: 2179 daAuts
    D:14: 2010 daAuts
  Lair:5: 1912 daAuts
Shoals:1: 1906 daAuts
     D:6: 1788 daAuts
Vaults:3: 1708 daAuts
   Elf:2: 1694 daAuts
  Lair:1: 1631 daAuts
Shoals:3: 1608 daAuts
